 Dungeon Crawl Stone Soup version 0.19.1 (webtiles) character file.

1055 smedtjen the Cleaver (level 8, -3/70 HPs)
             Began as a Hill Orc Abyssal Knight on Dec 9, 2016.
             Was a Believer of Lugonu.
             Killed by nerve-wracking pain
             ... invoked by Menkaure
              (6 damage)
             ... on level 6 of the Dungeon on Dec 10, 2016.
             The game lasted 00:23:35 (5704 turns).

smedtjen the Cleaver (Hill Orc Abyssal Knight)      Turns: 5704, Time: 00:23:36

Health: -3/70      AC: 14    Str: 15    XL:     8   Next: 26%
Magic:  10/10      EV:  8    Int: 12    God:    Lugonu [**....]
Gold:   276        SH:  0    Dex: 19    Spells: 0 memorised, 7 levels left

rFire  . . .     SeeInvis .     a - +1 hand axe
rCold  + . .     Gourm    .     F - +0 plate armour of the First Dances {*Slow +Fly rC+ Dex+7}
rNeg   . . .     Faith    .     (no shield)
rPois  .         Spirit   .     (no helmet)
rElec  .         Reflect  .     (no cloak)
rCorr  +         Harm     +     (no gloves)
MR     .....                    z - +1 pair of boots
Stlth  ..........               h - amulet of harm
                                I - ring of resist corrosion
                                v - +3 ring of evasion

@: no status effects
A: no striking features
a: Depart the Abyss, Bend Space, Renounce Religion, Evoke Flight


You were on level 6 of the Dungeon.
You worshipped Lugonu.
Lugonu was pleased with you.
You were not hungry.

You visited 1 branch of the dungeon, and saw 7 of its levels.
You visited the Abyss 2 times.

You collected 276 gold pieces.

Inventory:

Hand Weapons
 a - a +1 hand axe (weapon)
 p - a +0 long sword
 t - a +2 dagger of distortion
 y - a +0 hand crossbow
 A - a +0 falchion
 E - a +0 rapier
 J - a +0 quarterstaff
 M - a cursed +0 battleaxe
Missiles
 B - 9 tomahawks (quivered)
Armour
 g - +0 pearl dragon scales
 s - a +0 plate armour
 z - a +1 pair of boots (worn)
 F - the +0 plate armour of the First Dances (worn) {*Slow +Fly rC+ Dex+7}
   (You found it on level 5 of the Dungeon)

   It affects your dexterity (+7).
   It protects you from cold.
   It lets you fly.
   It may slow you when you take damage.
Jewellery
 e - an uncursed amulet of rage
 h - an amulet of harm (around neck)
 v - a +3 ring of evasion (left hand)
 H - a cursed ring of teleportation
 I - a ring of resist corrosion (right hand)
Wands
 o - a wand of acid (8/15)
 w - a wand of lightning (4/15)
Scrolls
 d - 3 scrolls of identify
 x - a scroll of fog
 L - a scroll of fear
Potions
 b - a potion of magic {unknown}
 f - a potion of heal wounds {unknown}
 i - a potion of berserk rage {unknown}
 j - 2 potions of curing {unknown}
 k - 2 potions of resistance {unknown}
 r - 2 potions of cure mutation {unknown}
 u - a potion of ambrosia {unknown}
 C - a potion of agility {unknown}
 D - a potion of cancellation {unknown}
 G - a potion of might {unknown}
 K - a potion of brilliance
Comestibles
 c - 7 bread rations
 l - a beef jerky
 m - a slice of pizza
 n - 2 fruits
 q - 2 meat rations


   Skills:
 + Level 5.7 Fighting
 + Level 9.1 Axes
 + Level 4.8 Armour
 + Level 2.6 Dodging
 + Level 1.0 Stealth
 + Level 2.7 Invocations


You had 7 spell levels left.
You didn't know any spells.

Dungeon Overview and Level Annotations

Branches:
Dungeon (7/15)             Temple (0/1) D:4

Altars:

Annotations:
D:6 Menkaure


Message History

* * * LOW HITPOINT WARNING * * *
You see here a tomahawk.
The orc throws a tomahawk.
The tomahawk hits you but does no damage.
The orc warrior hits you from afar with a glaive.
* * * LOW HITPOINT WARNING * * *
You see here a tomahawk.
The orc throws a tomahawk.
The tomahawk hits you but does no damage.
The orc warrior closely misses you.
You see here a tomahawk.
The orc hits you but does no damage. The orc hits you with a short sword.
* * * LOW HITPOINT WARNING * * *
Menkaure gestures at you while chanting.
Pain shoots through your body!
* * * LOW HITPOINT WARNING * * *
Menkaure gestures at you while chanting.
Pain shoots through your body!
You die...

###################
#.....[...........#
#.###############.#
######.######........#.###
....................>#.#.#
###...<######.##.###.#...#
#....# #M..@..#.###.#
###....# #####.#.#.....#
...###.#####(((o.#.#######
##.# #.##.....o###.# ##.#
#.##......###.#### ..(#
#.##.............# ####
#........##.#.#### #
#.#####........ #.#
#...#.###


You could see an orc warrior, Menkaure and an orc.

Vanquished Creatures
  A sky beast (D:5)
  2 ice beasts (D:5)
  A phantom (D:4)
  An ogre (D:6)
  A centaur (D:5)
  A bullfrog (D:5)
  A scorpion (D:4)
  A crimson imp (D:3)
  A hound (D:5)
  2 orc wizards (D:5)
  A bullfrog skeleton (D:4)
  2 worker ants
  Robin (D:2)
  5 gnolls (D:5)
  5 adders
  An ooze (D:1)
  2 adder skeletons (D:4)
  3 worms
  3 dart slugs
  3 leopard geckos
  12 orcs
  A giant cockroach (D:1)
  16 goblins
  10 hobgoblins
  4 jackals (D:4)
  2 kobolds
  A quokka (D:3)
  A ball python (D:3)
  7 bats
  4 frilled lizards
  A jackal zombie (D:6)
  5 rats
102 creatures vanquished.

Notes
Turn   | Place    | Note
-------+----------+-------------------------------------------
     0 | Abyss:1  | smedtjen the Hill Orc Abyssal Knight began the quest for the Orb.
     0 | Abyss:1  | Reached XP level 1. HP: 19/19 MP: 2/2
    69 | Abyss:1  | Noticed a reaper
    70 | Abyss:1  | Noticed a thrashing horror
    70 | D:1      | Escaped the Abyss
   359 | D:1      | Reached * piety under Lugonu
   397 | D:1      | Reached XP level 2. HP: 3/27 MP: 3/3
  1002 | D:1      | Reached skill level 3 in Axes
  1239 | D:1      | Reached XP level 3. HP: 26/34 MP: 4/4
  1407 | D:2      | Reached skill level 1 in Dodging
  1429 | D:2      | Noticed Robin
  1450 | D:2      | Killed Robin
  1458 | D:2      | Cast into level 1 of the Abyss (goblin)
  1482 | Abyss:1  | Noticed a death knight
  1486 | D:2      | Escaped the Abyss
  1546 | D:2      | Reached XP level 4. HP: 17/41 MP: 5/5
  2070 | D:3      | Reached skill level 4 in Axes
  2272 | D:3      | Reached XP level 5. HP: 43/47 MP: 6/6
  2639 | D:4      | Reached skill level 5 in Axes
  2644 | D:4      | Reached ** piety under Lugonu
  2753 | D:4      | Reached XP level 6. HP: 36/55 MP: 7/7
  2875 | D:4      | Found a staircase to the Ecumenical Temple.
  3063 | D:4      | Reached skill level 6 in Axes
  3179 | D:4      | Noticed a phantom
  3208 | D:4      | Killed a phantom
  3418 | D:5      | Entered Level 5 of the Dungeon
  3457 | D:5      | Reached skill level 5 in Fighting
  3510 | D:5      | Reached skill level 7 in Axes
  3510 | D:5      | Reached skill level 1 in Stealth
  3510 | D:5      | Reached XP level 7. HP: 50/61 MP: 8/8
  4300 | D:5      | Reached skill level 8 in Axes
  4565 | D:5      | Reached XP level 8. HP: 54/69 MP: 9/9
  4646 | D:5      | Reached skill level 9 in Axes
  4879 | D:5      | Got a scorched plate armour
  4880 | D:5      | Identified the cursed +0 plate armour of the First Dances {*Slow +Fly rC+ Dex+7} (You found it on level 5 of the Dungeon)
  5292 | D:6      | Noticed Menkaure
  5703 | D:6      | HP: 3/70 [Menkaure/nerve-wracking pain (4)]
  5704 | D:6      | Killed from afar by Menkaure

Skill      XL: |  1  2  3  4  5  6  7  8 |
---------------+-------------------------+-----
Fighting       | 4 5 |  5.7
Axes           | 3 4 5 7 8 9 |  9.1
Dodging        | 1 2 |  2.6
Armour         | 3 4 |  4.8
Stealth        | 1 |  1.0
Invocations    | |  2.7

Action                   |  1- 3 |  4- 6 |  7- 9 || total
-------------------------+-------+-------+-------++-------
Melee: Hand axe          |   124 |   272 |   195 ||   591
Invok: Depart the Abyss  |     2 |       |       ||     2
       Bend Space        |       |       |     1 ||     1
  Use: Scroll            |       |     5 |    10 ||    15
       Potion            |       |       |     1 ||     1
  Eat: Meat ration       |     1 |     1 |     1 ||     3
       Chunk             |       |     2 |       ||     2
Armor: Leather armour    |    18 |       |       ||    18
       Pearl dragon scal |    47 |   124 |    84 ||   255
       Plate armour      |       |       |     4 ||     4
Dodge: Dodged            |    58 |   144 |   106 ||   308
